 Dungeon Crawl Stone Soup version 0.28-a0-224-g76b539d98b (webtiles) character file.

Game seed: 13033682528914436472

315568 gruber the Eclecticist (level 22, -5/253 HPs)
             Began as a Djinni Ice Elementalist on Aug 19, 2021.
             Was the Champion of Makhleb.
             Killed from afar by a war gargoyle (14 damage)
             ... with a spray of metal splinters
             ... led by a peacekeeper
             ... on level 3 of the Vaults on Aug 21, 2021.
             The game lasted 02:03:57 (40589 turns).

gruber the Eclecticist (Djinni Ice Elementalist)   Turns: 40589, Time: 02:03:58

Health: -5/253     AC: 16    Str: 17    XL:     22   Next: 33%
Gold:   3562       EV: 14    Int: 25    God:    Makhleb [******] SH:  0 Dex: 18

rFire   + + .      SeeInvis +   (weapon currently unavailable)
rCold   . . .      Faith    .   (shield currently unavailable)
rNeg    + . .      Spirit   .   (armour currently unavailable)
rPois   ∞          Reflect  .   (helmet currently unavailable)
rElec   .          Harm     .   (cloak currently unavailable)
rCorr   +          Rampage  .   (gloves currently unavailable)
Will    ++...                   (boots unavailable)
Stlth   ++........              T - amulet of regeneration
HPRegen 1.52/turn               w - ring "Pyeqei" {rF+ rN+ rCorr Dex+2 SInv}
MPRegen 0.00/turn               Z - ring of ice

@: dragon-form, flying, studying Maces & Flails
A: dragon claw, dragon scales, breathe fire, flying, boosted hp, sickness
immunity, giant, (fire resistance 2), (cold vulnerability 1), float, innate
caster, hp casting, extra vitality 1
}: 2/15 runes: decaying, serpentine
a: Breathe Fire, End Transformation, Renounce Religion, Minor Destruction,
Lesser Servant of Makhleb, Major Destruction, Greater Servant of Makhleb


You were on level 3 of the Vaults.
You worshipped Makhleb.
Makhleb was exalted by your worship.
You were a fearsome dragon!
You visited 6 branches of the dungeon, and saw 34 of its levels.
You also visited: Sewer, Ice Cave and Wizlab.

You collected 4071 gold pieces.
You spent 509 gold pieces at shops.

Inventory:

Hand Weapons
 F - the +8 rapier of Courage (melded) {drain, rElec rCorr Dex+3}
   (You found it on level 6 of the Lair of Beasts)

   A truly terrible weapon, it drains the life of any living foe it strikes.
   Dex:       It affects your dexterity (+3).
   rElec:     It insulates you from electricity.
   rCorr:     It protects you from acid and corrosion.
Missiles
 g - 799 stones
 J - 4 throwing nets
 N - 50 poisoned darts
Armour
 c - the +1 cloak "Matwa" (melded) {rN+ Int+5}
   (You bought it in a shop on level 2 of the Orcish Mines)

   Int:       It affects your intelligence (+5).
   rN:        It protects you from negative energy.
 p - the +2 cloak "Harow" {rElec rC+ Int+3}
   (You found it on level 4 of the Dungeon)

   Int:       It affects your intelligence (+3).
   rC:        It protects you from cold.
   rElec:     It insulates you from electricity.
 t - a +1 pair of gloves (melded)
 R - the +1 robe of Hospitality (melded) {Int+6}
   (You found it on level 2 of the Swamp)

   Int:       It affects your intelligence (+6).
 U - a +1 buckler of cold resistance (melded)
 W - a +2 helmet (melded)
Jewellery
 w - the ring "Pyeqei" (left foreclaw) {rF+ rN+ rCorr Dex+2 SInv}
   (You found it on level 3 of the Swamp)

   [ring of positive energy]

   Dex:       It affects your dexterity (+2).
   rF:        It protects you from fire.
   rN:        It protects you from negative energy.
   SInv:      It lets you see invisible.
   rCorr:     It protects you from acid and corrosion.
 T - an amulet of regeneration (around neck)
 Z - a ring of ice (right foreclaw)
Wands
 x - a wand of iceblast (55)
 y - a wand of charming (27)
 B - a wand of paralysis (37)
 H - a wand of mindburst (8)
 I - a wand of acid (24)
Scrolls
 a - 7 scrolls of fog {unknown}
 b - 16 scrolls of teleportation
 d - 3 scrolls of silence
 e - 7 scrolls of fear {unknown}
 j - a scroll of summoning
 m - 5 scrolls of holy word
 o - 8 scrolls of amnesia {unknown}
 r - 12 scrolls of blinking {unknown}
 u - 6 scrolls of acquirement {unknown}
 K - 5 scrolls of magic mapping
 P - 10 scrolls of enchant armour {unknown}
Potions
 f - 11 potions of curing
 l - 6 potions of haste
 n - 4 potions of berserk rage
 q - 4 potions of cancellation
 s - 2 potions of heal wounds
 v - 3 potions of brilliance
 z - 4 potions of might
 A - 4 potions of invisibility
 G - 7 potions of attraction
 L - 2 potions of ambrosia
 O - a potion of resistance
 X - 6 potions of lignification
Miscellaneous
 D - a tin of tremorstones (2/2)
 S - a condenser vane (inert)


   Skills:
 - Level 18.0 Fighting
 - Level 6.3 Short Blades
 - Level 0.1 Throwing
 - Level 8.0 Armour
 * Level 16.5 Dodging
 - Level 1.5 Stealth
 - Level 6.3 Shields
 - Level 19.8 Spellcasting


You had 3 spell levels left.
You knew the following spells:

 Your Spells              Type           Power      Damage    Failure   Level
a - Freeze                Ice            100%       1d11      0%          1
b - Frozen Ramparts       Ice            100%       1d12      0%          3
c - Ozocubu's Armour      Ice            100%       N/A       0%          3
d - Hailstorm             Conj/Ice       100%       3d20      0%          4
e - Sandblast             Erth           100%       2d20      0%          1
f - Ensorcelled Hibernat  Hex/Ice        100%       N/A       0%          2
g - Blink                 Tloc           N/A        N/A       0%          2
h - Animate Armour        Summ/Erth      100%       N/A       0%          4
i - Fireball              Conj/Fire      44%        3d18      0%          5
j - Silence               Hex/Air        44%        N/A       0%          5
k - Invisibility          Hex            44%        N/A       1%          6
l - Spellforged Servitor  Conj/Summ      44%        N/A       1%          7
m - Dragon Form           Tmut           44%        N/A       1%          7
n - Monstrous Menagerie   Summ           44%        N/A       1%          7
Your spell library was empty.

Dungeon Overview and Level Annotations

Branches:
Dungeon (15/15)            Temple (0/1) D:5            Lair (6/6) D:10
  Swamp (4/4) Lair:3        Snake (4/4) Lair:3        Slime (0/5) Lair:5
    Orc (2/2) D:10            Elf (0/3) Orc:2        Vaults (3/5) D:13
  Crypt (0/3) Vaults:3     Depths (0/5) D:15          Sewer (visited)
  IceCv (visited)          WizLab (visited)

Altars:
Ashenzari
Cheibriados
Gozag
Makhleb
Nemelex Xobeh
Okawaru
Qazlal
Trog
Wu Jian
Yredelemnul
Jiyva

Shops:
Orc:2 :*[(   Snake:1 !   Snake:4 :   Vaults:1 ?   Vaults:3 [

Portals:
Trove: D:10 (give 5 scrolls of fog)

Annotations:
D:8 1 runed translucent door, NigelTetley's ghost, novice MiBe
D:11 1 runed translucent door, p0werm0de's ghost, journeyman GrFi
D:14 2 transporters, Mesmaeker13's ghost, journeyman DsFE
Lair:3 3 runed translucent doors, Zubummaq's ghost, journeyman MiFi
Lair:5 1 runed translucent door


Innate Abilities, Weirdness & Mutations

You are a fearsome dragon!
You have a powerful clawing attack.
Your giant scaled body is strong and resiliant, but less evasive.
You can breathe fire.
You are flying.
Your maximum health is greatly increased.
Your armour is entirely melded.
You are incapable of wielding weapons or throwing items.
You are immune to sickness and miasma.
You are immune to poison.
((Your flesh is very heat resistant. (rF++)))
((You are vulnerable to cold. (rC-)))
You float through the air rather than walking.
You learn spells naturally, not from books.
Your magical power is your life essence.
You have superior vitality. (+4 HP)


Message History

The vault sentinel gestures at you while chanting.
You barely resist.
Unknown command.
Unknown command.
Unknown command.
Casting: Blink (safe; 0% risk of failure)
Confirm with . or Enter, or press ? or * to list all spells.
Aiming: Fireball (safe; 0% risk of failure)
Press: ? - help, Shift-Dir - straight line The fireball explodes!
The fireball engulfs the deep troll!!
The deep troll is heavily wounded.
The fireball engulfs the war gargoyle!
The war gargoyle resists.
The war gargoyle is almost destroyed.
The fireball engulfs the peacekeeper!!
The peacekeeper resists.
The peacekeeper is severely damaged.
The fireball engulfs the crystal guardian.
The crystal guardian completely resists.
The crystal guardian is lightly damaged.
* * * LOW HITPOINT WARNING * * *
You hear a horrible gurgling sound!
Unknown command.
Unknown command.
Unknown command.
Casting: Fireball (safe; 0% risk of failure)
Confirm with . or Enter, or press ? or * to list all spells.
Aiming: Fireball (safe; 0% risk of failure)
Press: ? - help, Shift-Dir - straight line The fireball explodes!
The fireball engulfs the deep troll!!!
The deep troll is almost dead.
The fireball engulfs the peacekeeper.
The peacekeeper resists.
The peacekeeper is severely damaged.
* * * LOW HITPOINT WARNING * * *
The vault sentinel blows a loud note on a signal horn!
The deep troll bites you but does no damage.
The deep troll claws you but does no damage.
The deep troll claws you.
* * * LOW HITPOINT WARNING * * *
The war gargoyle launches metal splinters at you.
The spray of metal splinters hits you!
You die...

#..#......#
#.########..#......'
###........#..#......#
..........#..#......#
#.....pp..HH.#......#
#......c)k#.H#..:...#
#....T9..)#.§########
#....T9[..#..........
#...D.9...#..........
#.........#..........
#.........#....######
###########....#
#....# #...[# #....#
#....# #....#


You could see a crystal guardian (strong, ally target), 2 deep trolls, a war
gargoyle (strong, catching breath), a vault sentinel, an ironbound convoker, a
peacekeeper (ally target), a yaktaur, 2 friendly manticores and a friendly
lindwurm (summoned).

Vanquished Creatures
  Nikola (Swamp:4)
  A tentacled monstrosity (Swamp:3)
  Jorgrun (Swamp:1)
  An ancient champion (Vaults:3)
  2 thorn hunters (Swamp:4)
  A sphinx (Vaults:2)
  Agnes (Snake:3)
  A tengu reaver (Vaults:3)
  2 vault wardens
  15 nagarajas (Snake:4)
  2 orc warlords (Orc:2)
  2 ghouls (Swamp:4)
  2 very ugly things
  2 war gargoyles
  7 ironbound preservers
  2 dire elephants (Vaults:3)
  4 bunyips
  A crystal guardian (Vaults:3)
  Snorg (D:10)
  An ettin (Vaults:1)
  A deep elf death mage (Vaults:3)
  7 eleionomae
  A shambling mangrove (Swamp:4)
  28 naga warriors
  4 yaktaur captains
  2 vault guards (D:13)
  2 ogre magi
  5 boulder beetles
  A rakshasa (D:15)
  2 spriggan air magi
  29 hydras
  2 salamander tyrants (Snake:4)
  7 centaur warriors
  2 ironbound thunderhulks
  5 ironbound frosthearts
  3 catoblepae
  3 ghost crabs
  2 peacekeepers
  6 two-headed ogres
  11 anacondas
  15 death yaks
  4 tengu warriors
  15 alligators
  A deep troll shaman (Lair:6)
  5 orc high priests
  11 naga sharpshooters
  An ironbound beastmaster (Vaults:3)
  11 shock serpents
  3 salamander mystics
  A shadow wraith (Vaults:3)
  3 goliath frogs
  5 skeletal warriors (D:14)
  4 spriggan druids
  16 swamp dragons
  11 bog bodies
  2 glowing orange brains
  25 deep trolls
  9 naga ritualists
  7 wizards
  7 orc knights
  9 harpies (Vaults:2)
  2 ironbound convokers
  Pikel (D:8)
  6 deep elf pyromancers
  4 deep elf zephyrmancers (D:11)
  8 cyclopes
  7 mana vipers
  5 will-o-the-wisps
  14 salamanders
  6 orc sorcerers
  4 necromancers
  A wolf spider (D:15)
  An oklob plant (Lair:1)
  20 ugly things
  31 black mambas
  An elephant (shapeshifter) (D:14)
  A stone giant zombie (Vaults:2)
  3 vault sentinels
  27 elephants (Lair:6)
  6 guardian serpents
  20 naga magi
  Maggie (D:10)
  A torpor snail (Lair:6)
  An ice statue (IceCv)
  2 gargoyles (D:13)
  An elf zombie (Vaults:2)
  5 rime drakes
  Psyche (D:8)
  14 cane toads
  15 yaktaurs
  8 freezing wraiths
  2 entropy weaver simulacra (IceCv)
  9 komodo dragons
  10 ice devils (IceCv)
  2 tengu conjurers
  2 anaconda simulacra (IceCv)
  3 polar bears
  5 tyrant leeches
  7 trolls
  2 bloated husks (Swamp:3)
  8 hornets
  7 blink frogs
  24 slime creatures
  8 dream sheep (Lair:4)
  A stone giant simulacrum (Vaults:2)
  An elf skeleton (Vaults:2)
  2 shadows
  A flying skull (Vaults:3)
  3 wraiths
  5 wyverns
  Sigmund (D:5)
  6 spriggans
  A centaur simulacrum (D:15)
  A vampire (D:14)
  A fire bat (shapeshifter) (D:14)
  5 basilisks
  A water elemental (D:14)
  40 yaks
  18 humans (D:13)
  6 vampire mosquitoes
  3 death yak simulacra (IceCv)
  A warg (Orc:1)
  3 harpy simulacra (IceCv)
  43 nagas
  18 swamp worms
  2 acid dragons
  16 water moccasins
  6 black bears
  43 orc warriors
  9 swamp drakes
  2 sky beasts
  7 centaurs
  9 boggarts
  13 ogres
  4 necrophages
  10 wolves (Lair:6)
  4 phantoms
  2 kobold brigands
  10 bullfrogs
  A two-headed ogre simulacrum (IceCv)
  A wyvern zombie (D:7)
  3 gnoll sergeants
  3 scorpions
  4 cane toad simulacra (IceCv)
  A water moccasin zombie (D:5)
  A troll zombie (D:10)
  2 water moccasin skeletons
  A killer bee (shapeshifter) (Vaults:3)
  15 wights
  6 elephant simulacra (IceCv)
  3 electric eels
  2 howler monkeys
  A bullfrog zombie (D:7)
  A human simulacrum (Vaults:2)
  3 hounds
  6 jellies
  2 centaur zombies
  29 orc priests
  A centaur skeleton (D:5)
  4 iguanas
  31 orc wizards
  A spriggan simulacrum (IceCv)
  4 polar bear simulacra (IceCv)
  A troll simulacrum (IceCv)
  3 wolf simulacra (IceCv)
  7 ogre zombies (D:10)
  A howler monkey zombie (D:5)
  15 gnolls
  A howler monkey skeleton (D:7)
  6 adders
  2 naga simulacra (IceCv)
  2 shadow imps
  2 ufetubi
  2 dart slugs
  95 orcs
  6 ball pythons
  23 endoplasms
  7 giant cockroaches
  9 goblins
  8 hobgoblins
  3 jackals
  17 kobolds
  2 quokkas
  3 bats (D:1)
  2 frilled lizards
  A goblin skeleton (D:10)
  A goblin zombie (D:10)
  2 hobgoblin skeletons (D:10)
  6 hobgoblin zombies (D:10)
  3 orc skeletons (D:10)
  11 orc zombies (D:10)
  4 rats
  5 bushes (D:14)
1318 creatures vanquished.

Vanquished Creatures (collateral kills)
  Saint Roka (Orc:2)
  An ironbound preserver (Vaults:1)
  A naga warrior (Snake:4)
  2 yaktaur captains (Vaults:3)
  An ironbound frostheart (Vaults:3)
  An ironbound thunderhulk (Vaults:3)
  5 deep trolls
  3 slime creatures (Vaults:2)
  A vault sentinel (Vaults:2)
  4 yaktaurs (Vaults:3)
  2 nagas (Snake:4)
  Purgy (Sewer)
  An orc zombie (D:10)
24 creatures vanquished.

Vanquished Creatures (others)
  A wizard (D:13)
  A will-o-the-wisp (Swamp:3)
  A naga mage (Snake:3)
  2 bloated husks
  2 tyrant leeches (Swamp:3)
  An electric eel (D:11)
  27 foxfires
  48 fungi
  56 plants
139 creatures vanquished.

Grand Total: 1481 creatures vanquished

Notes
Turn   | Place    | Note
-------+----------+-------------------------------------------
     0 | D:1      | gruber the Djinni Ice Elementalist began the quest for the
                  | Orb.
     0 | D:1      | Reached XP level 1. HP: 15/15 MP: 0/0
   453 | D:1      | Reached XP level 2. HP: 19/21 MP: 0/0
  1123 | D:1      | Reached XP level 3. HP: 25/25 MP: 0/0
  1123 | D:1      | Learned a level 1 spell: Sandblast
  1263 | D:1      | Found a faded altar of an unknown god.
  1654 | D:2      | Reached skill level 4 in Spellcasting
  1913 | D:2      | Found a basalt altar of Yredelemnul.
  2385 | D:2      | Reached XP level 4. HP: 31/31 MP: 0/0
  2401 | D:2      | Reached skill level 1 in Short Blades
  3055 | D:3      | Reached XP level 5. HP: 34/35 MP: 0/0
  3055 | D:3      | Learned a level 2 spell: Ensorcelled Hibernation
  3549 | D:3      | Found an iron altar of Okawaru.
  3888 | D:4      | Noticed a black bear
  3897 | D:4      | Killed a black bear
  3898 | D:4      | Reached skill level 5 in Spellcasting
  3898 | D:4      | Reached XP level 6. HP: 15/40 MP: 0/0
  4260 | D:4      | Identified the +2 cloak "Harow" {rElec rC+ Int+3}
  4416 | D:4      | Found a basalt altar of Yredelemnul.
  4416 | D:4      | Found a snail-covered altar of Cheibriados.
  4417 | D:4      | Found a burning altar of Makhleb.
  4430 | D:4      | Became a worshipper of Makhleb the Destroyer
  4559 | D:4      | Noticed an ogre
  4570 | D:4      | Killed an ogre
  5325 | D:5      | Entered Level 5 of the Dungeon
  5338 | D:5      | Reached XP level 7. HP: 41/45 MP: 0/0
  5338 | D:5      | Learned a level 2 spell: Blink
  5375 | D:5      | Found a stormy altar of Qazlal.
  5480 | D:5      | Reached skill level 6 in Spellcasting
  6145 | D:5      | Found a staircase to the Ecumenical Temple.
  6154 | D:5      | Reached * piety under Makhleb
  6155 | D:5      | Reached skill level 7 in Spellcasting
  6155 | D:5      | Reached XP level 8. HP: 49/50 MP: 0/0
  6227 | D:5      | Noticed Sigmund
  6518 | D:5      | Killed Sigmund
  6709 | D:6      | Found a broken altar of Ashenzari.
  6719 | D:6      | Reached skill level 8 in Spellcasting
  6814 | D:6      | Reached XP level 9. HP: 35/55 MP: 0/0
  6814 | D:6      | Learned a level 4 spell: Animate Armour
  6839 | D:6      | Found a glowing drain.
  7013 | Sewer    | Entered a sewer
  7091 | Sewer    | Noticed Purgy
  7099 | Sewer    | Killed Purgy
  7100 | Sewer    | Reached skill level 9 in Spellcasting
  7369 | D:6      | Reached ** piety under Makhleb
  7535 | D:6      | Reached skill level 1 in Shields
  7673 | D:7      | Found a bloodstained altar of Trog.
  8663 | D:8      | Reached skill level 10 in Spellcasting
  8696 | D:8      | Noticed a two-headed ogre
  8758 | D:8      | Reached XP level 10. HP: 60/60 MP: 0/0
  8782 | D:8      | Found a runed translucent door.
  8811 | D:8      | Killed a two-headed ogre
  8887 | D:8      | Reached *** piety under Makhleb
  9086 | D:8      | Noticed Psyche
  9096 | D:8      | Killed Psyche
  9267 | D:8      | Noticed Pikel
  9279 | D:8      | Killed Pikel
  9280 | D:8      | Reached skill level 5 in Dodging
  9428 | D:8      | Noticed NigelTetley's ghost (novice MiBe)
  9429 | D:8      | Noticed a boulder beetle
 10276 | D:9      | Reached skill level 1 in Fighting
 10554 | D:9      | Reached XP level 11. HP: 45/71 MP: 0/0
 10554 | D:9      | Learned a level 5 spell: Fireball
 10876 | D:10     | Entered Level 10 of the Dungeon
 10876 | D:10     | Found a staircase to the Lair.
 10876 | D:10     | Found a portal to a secret trove of treasure.
 11076 | D:10     | Found a staircase to the Orcish Mines.
 11120 | D:10     | Reached **** piety under Makhleb
 11247 | D:10     | Reached skill level 5 in Fighting
 11588 | D:10     | Noticed Snorg
 11620 | D:10     | Killed Snorg
 11860 | D:10     | Found an ornate altar of the Wu Jian Council.
 12339 | D:10     | Noticed Maggie
 12342 | D:10     | Killed Maggie
 12838 | D:11     | Noticed a two-headed ogre
 12846 | D:11     | Killed a two-headed ogre
 12990 | D:11     | Found a frozen archway.
 13001 | IceCv    | Entered an ice cave
 13128 | IceCv    | Reached XP level 12. HP: 87/87 MP: 0/0
 13131 | IceCv    | Reached ***** piety under Makhleb
 13132 | IceCv    | Reached skill level 10 in Dodging
 14048 | D:11     | Found a runed translucent door.
 14048 | D:11     | Noticed p0werm0de's ghost (journeyman GrFi)
 14481 | D:11     | Noticed a boulder beetle
 14483 | D:11     | Reached XP level 13. HP: 70/92 MP: 0/0
 14483 | D:11     | Learned a level 5 spell: Silence
 14720 | D:11     | Noticed a boulder beetle
 14745 | D:11     | Killed a boulder beetle
 15046 | D:11     | Killed a boulder beetle
 15754 | D:12     | Reached skill level 15 in Dodging
 15853 | D:12     | Noticed a seven-headed hydra
 15862 | D:12     | Killed a seven-headed hydra
 15867 | D:12     | Identified the +1 scale mail "Usuic" {rElec Int+3}
 16035 | D:12     | Noticed a boulder beetle
 16047 | D:12     | Killed a boulder beetle
 16638 | D:13     | Noticed a five-headed hydra
 16646 | D:13     | Killed a five-headed hydra
 16765 | D:13     | Reached skill level 10 in Fighting
 16774 | D:13     | Identified the +1 leather armour of Toshroaw {Harm Drain
                  | +Inv rF-}
 16858 | D:13     | Noticed a vault guard
 16917 | D:13     | Killed a vault guard
 16921 | D:13     | Identified the +4 dagger of Qolaemal {freeze, +Rage rElec}
 16986 | D:13     | Noticed a vault guard
 16992 | D:13     | Killed a vault guard
 16993 | D:13     | Reached XP level 14. HP: 89/106 MP: 0/0
 17425 | D:13     | Found a gate to the Vaults.
 17548 | D:14     | Reached ****** piety under Makhleb
 17803 | D:14     | Reached skill level 11 in Spellcasting
 17886 | D:14     | Noticed Mesmaeker13's ghost (journeyman DsFE)
 18238 | D:14     | Found a transporter.
 18247 | D:14     | Identified the +1 kite shield of Morality {-Tele Rampage
                  | rPois Slay+2}
 18268 | D:14     | Found a transporter.
 18455 | D:15     | Entered Level 15 of the Dungeon
 18580 | D:15     | Noticed a red very ugly thing
 18625 | D:15     | Reached skill level 12 in Spellcasting
 18626 | D:15     | Killed a red very ugly thing
 18757 | D:15     | Reached XP level 15. HP: 92/112 MP: 0/0
 18757 | D:15     | Learned a level 6 spell: Invisibility
 19150 | D:15     | Found a sparkling altar of Nemelex Xobeh.
 19376 | D:15     | Found a staircase to the Depths.
 19508 | Lair:1   | Entered Level 1 of the Lair of Beasts
 19662 | Lair:1   | Reached skill level 13 in Spellcasting
 21125 | Lair:3   | Found a staircase to the Swamp.
 21190 | Lair:3   | Found a staircase to the Snake Pit.
 21372 | Lair:3   | Found an opulent altar of Gozag.
 21448 | Lair:3   | Reached skill level 14 in Spellcasting
 21506 | Lair:3   | Found a runed translucent gate.
 21506 | Lair:3   | Found a runed translucent gate.
 21510 | Lair:3   | Found a runed translucent gate.
 21513 | Lair:3   | Noticed Zubummaq's ghost (journeyman MiFi)
 23112 | Lair:5   | Reached XP level 16. HP: 112/118 MP: 0/0
 23327 | Lair:5   | Found a runed translucent door.
 23327 | Lair:5   | Found a viscous altar of Jiyva.
 23397 | Lair:5   | Found a staircase to the Slime Pits.
 23694 | Lair:6   | Entered Level 6 of the Lair of Beasts
 23735 | Lair:6   | Reached skill level 15 in Spellcasting
 24000 | Lair:6   | Upgraded the game from 0.28-a0-199-g298df9dbad to
                  | 0.28-a0-224-g76b539d98b
 24500 | Lair:6   | Reached skill level 16 in Spellcasting
 24583 | Lair:6   | Identified the +8 rapier of Courage {drain, rElec rCorr
                  | Dex+3}
 24955 | Lair:6   | Identified the +11 arbalest of the Insatiable Yaks {penet,
                  | Fragile rPois Dex-5 SInv}
 25264 | Orc:1    | Entered Level 1 of the Orcish Mines
 25754 | Orc:2    | Entered Level 2 of the Orcish Mines
 25761 | Orc:2    | Reached XP level 17. HP: 104/123 MP: 0/0
 25761 | Orc:2    | Learned a level 7 spell: Spellforged Servitor
 25966 | Orc:2    | Noticed Saint Roka
 26490 | Snake:1  | Entered Level 1 of the Snake Pit
 26836 | Snake:1  | Found Fuawe's Distillery.
 27531 | Snake:2  | Reached skill level 17 in Spellcasting
 28818 | Snake:3  | HP: 4/127 [black mamba (13)]
 29058 | Snake:3  | Reached XP level 18. HP: 71/135 MP: 0/0
 29303 | Snake:3  | Noticed Agnes
 29310 | Snake:3  | Killed Agnes
 29748 | Snake:4  | Entered Level 4 of the Snake Pit
 29914 | Snake:4  | Reached skill level 15 in Fighting
 29949 | Snake:4  | Found Uffueh's Book Boutique.
 31222 | Snake:4  | Reached XP level 19. HP: 122/148 MP: 0/0
 31222 | Snake:4  | Learned a level 7 spell: Dragon Form
 31249 | Snake:4  | Got a serpentine rune of Zot
 31753 | Snake:4  | Reached skill level 1 in Armour
 32245 | Vaults:1 | Entered Level 1 of the Vaults
 32418 | Swamp:1  | Entered Level 1 of the Swamp
 32433 | Swamp:1  | Noticed Jorgrun
 32442 | Swamp:1  | Killed Jorgrun
 32443 | Swamp:1  | Reached skill level 5 in Armour
 33365 | Swamp:2  | Reached XP level 20. HP: 135/157 MP: 0/0
 33867 | Swamp:3  | Identified the ring "Pyeqei" {rF+ rN+ rCorr Dex+2 SInv}
 34046 | Swamp:3  | Noticed a tentacled monstrosity
 34085 | Swamp:3  | Killed a tentacled monstrosity
 34333 | Swamp:4  | Entered Level 4 of the Swamp
 34450 | Swamp:4  | Noticed Nikola
 34476 | Swamp:4  | Killed Nikola
 34477 | Swamp:4  | Reached skill level 18 in Spellcasting
 35044 | Swamp:4  | Got a decaying rune of Zot
 35523 | Vaults:1 | Reached XP level 21. HP: 163/163 MP: 0/0
 35523 | Vaults:1 | Learned a level 7 spell: Monstrous Menagerie
 35810 | Vaults:1 | Reached skill level 19 in Spellcasting
 36029 | Swamp:2  | Identified the +1 robe of Hospitality {Int+6}
 36223 | Orc:2    | Killed Saint Roka
 36519 | Orc:2    | Found a staircase to the Elven Halls.
 36690 | Orc:2    | Found Lyutzen's General Store.
 36691 | Orc:2    | Found Navot's Book Shoppe.
 36693 | Orc:2    | Found Nuhutamneu's Antique Armour Emporium.
 36693 | Orc:2    | Found Real's Antique Weapon Emporium.
 36698 | Orc:2    | Bought a bloodstained cloak for 285 gold pieces
 36698 | Orc:2    | Identified the +1 cloak "Matwa" {rN+ Int+5} (You bought it
                  | in a shop on level 2 of the Orcish Mines)
 37053 | Vaults:1 | Found Riloum's Magic Scroll Emporium.
 38080 | Vaults:2 | Found a magical portal.
 38094 | WizLab   | Entered Wucad Mu's Monastery
 39317 | Vaults:2 | Reached skill level 5 in Short Blades
 39743 | Vaults:3 | Reached XP level 22. HP: 152/169 MP: 0/0
 39925 | Vaults:3 | Found a staircase to the Crypt.
 40142 | Vaults:3 | Found Fodyifin's Antique Armour Shoppe.
 40150 | Vaults:3 | Bought a smelly leather armour for 224 gold pieces
 40150 | Vaults:3 | Identified the +0 leather armour "Zeklor" {rPois Will-
                  | Regen+ rCorr} (You bought it in a shop on level 3 of the
                  | Vaults)
 40359 | Vaults:3 | HP: 7/253 [ironbound frostheart/creeping frost (32)]
 40585 | Vaults:3 | HP: 7/253 [war gargoyle[a peacekeeper] (18)]
 40589 | Vaults:3 | Killed from afar by a war gargoyle

Illustrated notes

Levels and vault maps discovered:
D:1:      beargit_arrival_greenhouse, layout_loops_ring,
          shapermc_ecumenical_altar_ellora
D:2:      minmay_angry_zag, layout_loops_corners, basic_altar
D:3:      layout_basic, kennysheep_okawaru_gauntlet
D:4:      layout_basic, chequers_temple_overflow_statue_of_worship,
          grunt_ministairs_11
D:5:      layout_rooms, grunt_qazlal_sundering, minmay_temple_entry_hall,
          uniq_sigmund
D:6:      layout_rooms, nicolae_overflow_crystal_walls, gup_sewer_entry_glass
D:7:      layout_rooms, amcnicky_altar_gilded, enter_bailey_2, st_stairs_13
D:8:      layout_cave_pools, ebering_ghost_inner_flame, uniq_pikel, uniq_psyche
D:9:      layout_long_grid
D:10:     layout_layer_cave, nicolae_wu_jian_wuxing_cycle, lair_entry_dummy,
          zombieorc2_lemuel, enter_trove_1, minmay_misc_feat_roman, uniq_snorg,
          uniq_maggie
D:11:     layout_loops_ring, portal_ice_cave_entry_pillars_1,
          ebering_ghost_reflecting_pool, elves_outpost_lemuel
D:12:     layout_roguey
D:13:     layout_roguey, grunt_vaults_entry_tiered
D:14:     layout_long_grid, gammafunk_ghost_arena, serial_park_paths
          [serial_park_minivault_5x5_2]
D:15:     gammafunk_enter_depths_forms, layout_irregular_city,
          nemelex_lonely_heart_becter, minivault_11
Lair:1:   lemuel_slime, layout_loops_ring
Lair:2:   layout_regular_city, serial_bayou_pond_e
Lair:3:   layout_cave_pods, skrybe_swamp_entry_bodies,
          minmay_snake_entry_guardpost_small, basic_altar,
          gammafunk_ghost_necromancy
Lair:4:   layout_layer_cave
Lair:5:   layout_roguey, slime_altar_2, serial_bayou_shore_a
Lair:6:   grunt_lair_end_beastmaster, layout_cave_pods,
          infiniplex_staircase_pool_2
Swamp:1:  layout_basic_swamp, serial_swamp_ruin, evilmike_swamp_ruin_house_2,
          evilmike_swamp_ruin_house_3, evilmike_swamp_ruin_rubble_1,
          uniq_jorgrun
Swamp:2:  layout_basic_swamp, evilmike_swamp_ruin_house_4, swamp_pool5,
          hangedman_swamp_double_dragon, infiniplex_staircase_pool
Swamp:3:  cheibrodos_swamp_monstrosity, layout_basic_swamp,
          nicolae_swamp_stair_fork, swamp_pool2, nicolae_swamp_super_fun_site
Swamp:4:  swamp_basic_johnstein, layout_basic_swamp, uniq_nikola
Snake:1:  layout_onion_interference, serial_shops, nicolae_shop_waterfront,
          nicolae_snake_double_loop
Snake:2:  layout_chambers, st_stairs_5, corexii_hall_statues_x
Snake:3:  nicolae_snakescales, layout_basic, grunt_ministairs_11, uniq_agnes
Snake:4:  grunt_snake_rune_spirals, layout_onion_interference, serial_shops,
          nicolae_shop_waterfront
Orc:1:    cheibrodos_orc_bank, layout_caves
Orc:2:    st_orc_congregation, layout_diamond_mine, uniq_saint_roka
Vaults:1: hangedman_vaults_stream, nicolae_vaults_little_squares_5, st_cells,
          hangedman_vaults_impose, grunt_vaults_focal, nicolae_vaults_gold_heap,
          ontoclasm_vaults_eye, ontoclasm_vaults_spin,
          layout_vaults_chaotic_city, serial_shops, nicolae_shop_statue_plus
Vaults:2: nicolae_vaults_sealed_display, ontoclasm_vaults_loading_screen,
          v_pattern_1, ontoclasm_vaults_twist, v_misc_23,
          nicolae_vaults_circle_grid_b, v_rooms_3, vaults_room_fours,
          ontoclasm_vaults_idyll, v_alt_pattern_1, special_room_vaults
          [special_room_orc], layout_vaults_ring, mu_enter_wizlab_4
Vaults:3: hangedman_vaults_corner, minmay_crypt_entry_simple_corners,
          vaults_standard_mumra_enter_the_diamond,
          ontoclasm_vaults_loading_screen, grunt_vaults_funnel,
          ontoclasm_vaults_fault, vaults_room_hangedman_quadrants,
          vaults_room_fours, layout_vaults_omnigrid, serial_shops, shop

Skill      XL: |  1  2  3  4  5  6  7  8  9 10 11 12 13 14 15 16 17 18 19 20 21 22 |
---------------+-------------------------------------------------------------------+-----
Spellcasting   | 4 5 7 8 10 12 14 16 17 18 19 | 19.8
Short Blades   | 1 6 |  6.3
Shields        | 3 6 |  6.3
Dodging        | 7 9 13 15 16 | 16.5
Fighting       | 3 8 11 12 14 17 18 | 18.0
Armour         | 8 |  8.0
Throwing       | |  0.1
Stealth        | |  1.5

Action                   |  1- 3 |  4- 6 |  7- 9 | 10-12 | 13-15 | 16-18 | 19-21 | 22-24 || total
-------------------------+-------+-------+-------+-------+-------+-------+-------+-------++-------
Melee: Dagger            |    65 |    28 |    51 |    50 |       |       |       |       ||   194
       Trident           |       |       |       |    95 |    96 |    55 |       |       ||   246
       Rapier            |       |       |       |       |       |    98 |   113 |    16 ||   227
       Unarmed           |       |       |       |       |       |       |    18 |    12 ||    30
       Tailslap          |       |       |       |       |       |       |     2 |     2 ||     4
       Bite              |       |       |       |       |       |       |     1 |     1 ||     2
Throw: Stone             |       |     2 |     4 |       |       |     1 |       |       ||     7
       Dart              |       |       |       |       |       |     3 |       |       ||     3
 Cast: Freeze            |    14 |    22 |    42 |    16 |    17 |    39 |    31 |       ||   181
       Sandblast         |     2 |     1 |    41 |    73 |    45 |    25 |    33 |     7 ||   227
       Frozen Ramparts   |       |    10 |    29 |    32 |    33 |    80 |    28 |     5 ||   217
       Ozocubu's Armour  |       |     1 |     8 |     4 |     1 |    23 |    18 |     3 ||    58
       Animate Armour    |       |       |     2 |     1 |     5 |     1 |     1 |       ||    10
       Hailstorm         |       |       |       |    14 |       |   102 |    49 |     8 ||   173
       Fireball          |       |       |       |    80 |   350 |   359 |   523 |    41 ||  1353
       Blink             |       |       |       |     1 |    16 |    15 |    32 |     3 ||    67
       Ensorcelled Hiber |       |       |       |       |     6 |     1 |     1 |       ||     8
       Invisibility      |       |       |       |       |       |     2 |       |       ||     2
       Spellforged Servi |       |       |       |       |       |     1 |     9 |     5 ||    15
       Dragon Form       |       |       |       |       |       |       |     4 |     4 ||     8
       Monstrous Menager |       |       |       |       |       |       |     4 |     6 ||    10
 Abil: Breathe Fire      |       |       |       |       |       |       |     1 |       ||     1
Evoke: Wand              |       |       |       |       |     2 |       |       |     4 ||     6
       Condenser vane    |       |       |       |       |       |       |       |     1 ||     1
  Use: Scroll            |       |       |       |       |     7 |     9 |    11 |     2 ||    29
       Potion            |       |       |       |       |       |     1 |       |     2 ||     3
 Stab: Sleeping          |     7 |       |       |       |       |       |     2 |       ||     9
       Petrified         |       |       |       |       |       |     5 |       |       ||     5
       Invisible         |       |       |       |       |       |     1 |       |       ||     1
       Distracted        |       |       |       |       |       |       |     1 |     1 ||     2
Armor: Robe              |    16 |     5 |    49 |    50 |       |       |    59 |     6 ||   185
       Leather armour    |       |       |       |     1 |    37 |    82 |    54 |       ||   174
       Skin              |       |       |       |       |       |       |    25 |    29 ||    54
Dodge: Dodged            |    47 |    28 |    86 |   125 |   148 |   296 |   338 |    80 ||  1148
Block: Buckler           |       |       |       |    60 |    68 |   130 |   142 |     6 ||   406

Table legend: (Time is in decaauts)
 A = Elapsed time spent in this place.
 B = Non-inter-level travel time spent in this place.
 C = Inter-level travel time spent in this place.
 D = Time resting spent in this place.
 E = Time spent auto-exploring this place.
 F = Levels seen in this place.
 G = Mean time per level.
                   A        B        C        D        E       F      G
               +--------+--------+--------+--------+--------+-----+--------+
         Total |  40817 |  37565 |   3252 |   1676 |  29064 |  37 | 1103.2 |
       Dungeon |  18762 |  17803 |    959 |    968 |  14297 |  15 | 1250.8 |
          Lair |   6532 |   5458 |   1074 |     20 |   4584 |   6 | 1088.7 |
         Swamp |   2778 |   2544 |    234 |     40 |   1813 |   4 |  694.5 |
     Snake Pit |   5504 |   5024 |    480 |    481 |   3435 |   4 | 1376.0 |
  Orcish Mines |   1740 |   1503 |    237 |     63 |    977 |   2 |  870.0 |
        Vaults |   4098 |   3832 |    266 |    104 |   3004 |   3 | 1366.0 |
         Sewer |    247 |    247 |      0 |      0 |    206 |   1 |  247.0 |
      Ice Cave |    976 |    976 |      0 |      0 |    667 |   1 |  976.0 |
        Wizlab |    175 |    175 |      0 |      0 |     81 |   1 |  175.0 |
               +--------+--------+--------+--------+--------+-----+--------+

Top non-repeatable levels by time:
 Snake:4: 2259 daAuts
    D:10: 2081 daAuts
    D:11: 1908 daAuts
Vaults:1: 1694 daAuts
     D:4: 1538 daAuts
Vaults:2: 1524 daAuts
  Lair:6: 1451 daAuts
     D:1: 1436 daAuts
 Snake:2: 1396 daAuts
     D:5: 1378 daAuts
     D:3: 1274 daAuts
  Lair:3: 1272 daAuts
  Lair:2: 1248 daAuts
     D:9: 1211 daAuts
    D:13: 1112 daAuts
